cohdb
Replays
Latest Replays
All Replays
Popular Replays
Top Player Replays
Match Explorer
How It Works
Community
CoH3 Stats
Reddit
Sign in to upload your games and track your stats! →
Sign in with Steam
88mm when transport almost not bug
Match 14059762
Overview
Messages
Build Orders
End
Panzergrenadier Squad
Kradschützen Motorcycle Team
Panzergrenadier Squad
250 Light Carrier
Construct Light Support Kompanie
MG34 Team
Fire Support Elements
Flakvierling Half-track
Panzerjäger Mechanized Group
2.5-tonne Medical Truck
Combat Half-tracks
Veteran Squad Leaders
Flakvierling Half-track
Construct Panzerarmee Kommand
Panzer III L Medium Tank
Panzerpioneer Squad
Flak 36 Anti-tank Gun Team
Assault Mechanized Group
2.5-tonne Medical Truck
MG34 Team
MG34 Team
Panzer III L Medium Tank
2.5-tonne Medical Truck
Selects Italian Infantry
Selects Guastatori Squad
Selects Registered Artillery
Selects Towed Cannone da 105/28 Field Howitzer
Selects Defensive Operations
Selects Territory Booby Traps
Selects Obice 305mm Barrage
Registered Artillery
Registered Artillery
Panzerjäger Mechanized Group
Obice 305mm Barrage
Esxile
桂妮薇尔
0
0
Comments
sign in to comment!
No comments posted yet!